 Dungeon Crawl Stone Soup version 0.22-a0-322-g60b3cfd (webtiles) character file.

32 grizmgrazm2 the Shield-Bearer (level 3, -1/33 HPs)
             Began as a Minotaur Fighter on Apr 2, 2018.
             Slain by Pikel
             ... wielding a +1 whip of flaming
              (4 damage)
             ... on level 4 of the Dungeon.
             The game lasted 00:01:47 (592 turns).

grizmgrazm2 the Shield-Bearer (Minotaur Fighter)     Turns: 592, Time: 00:01:48

Health: -1/33      AC: 13    Str: 26    XL:     3   Next: 10%
Magic:  2/2        EV:  6    Int:  8    God:
Gold:   80         SH: 10    Dex: 11    Spells: 2/2 levels left

rFire    . . .     SeeInvis .   a - +0 flail
rCold    . . .     Gourm    .   c - +0 shield
rNeg     . . .     Faith    .   e - +3 chain mail
rPois    .         Spirit   .   (helmet restricted)
rElec    .         Reflect  .   (no cloak)
rCorr    .         Harm     .   (no gloves)
MR       .....                  h - +0 pair of boots
Stlth    ..........             (no amulet)
HPRegen  0.11/turn              (no ring)
MPRegen  0.08/turn              (no ring)

@: mighty, brilliant
A: retaliatory headbutt, horns 2, agile 1, dopey 1
a: no special abilities


You were on level 4 of the Dungeon.
You were not hungry.

You visited 1 branch of the dungeon, and saw 4 of its levels.

You collected 80 gold pieces.

Inventory:

Hand Weapons
 a - a +0 flail (weapon)
Armour
 c - a +0 shield (worn)
 e - a +3 chain mail (worn)
 h - a +0 pair of boots (worn)
Jewellery
 i - a +3 ring of protection {unknown}
 j - an uncursed amulet of regeneration {unknown}
Scrolls
 b - a scroll of magic mapping {unknown}
 g - 2 scrolls of teleportation {unknown}
 k - a scroll of immolation {unknown}
 l - 2 scrolls of identify {unknown}
Potions
 m - a potion of brilliance
Comestibles
 f - 2 rations


   Skills:
 + Level 4.0 Fighting
 + Level 2.8 Maces & Flails
 + Level 4.1 Armour
 + Level 4.1 Shields


You had 2 spell levels left.
You didn't know any spells.

Dungeon Overview and Level Annotations

Branches:
Dungeon (4/15)
 Temple: D:4-7

Altars:

Annotations:
D:4 Pikel


Innate Abilities, Weirdness & Mutations

You reflexively headbutt those who attack you in melee.
You have a pair of horns on your head.
You are agile. (Dex +2)
You are dopey. (Int -2)


Message History

You miss something. Something hits you. Something burns you.
* * * LOW HITPOINT WARNING * * *
You barely miss something. Your headbutt misses something.
Something hits you but does no damage. Something hits you.
* * * LOW HITPOINT WARNING * * *
Something burns you.
* * * LOW HITPOINT WARNING * * *
You barely miss something. Something hits you but does no damage.
You feel very mighty all of a sudden. Something hits you but does no damage.
It was a potion of brilliance.
You feel clever all of a sudden. Something hits you.
* * * LOW HITPOINT WARNING * * *
Something burns you.
* * * LOW HITPOINT WARNING * * *
It was a potion of mutation.
You feel extremely strange.
You feel stupid.
You feel agile. Something hits you.
You die...

.. . #.###. #.##..
#.##.# # #.##.#
#.#.##.#
###.#.#.##.#######
#.........<.......
.#####@##.#######
#{##.########
#p##.........
#p########### #p#
#.. ..? ###


You could see 3 slaves.

Vanquished Creatures
  A slave (D:4)
  An adder (D:3)
  A worm (D:3)
  A dart slug (D:2)
  2 leopard geckos (D:2)
  An orc (D:3)
  A giant cockroach (D:3)
  A hobgoblin (D:1)
  5 kobolds
  A bat (D:2)
  3 frilled lizards
  A goblin (D:2)
  A rat (D:2)
20 creatures vanquished.

Notes
Turn   | Place    | Note
-------+----------+-------------------------------------------
     0 | D:1      | grizmgrazm2 the Minotaur Fighter began the quest for the Orb.
     0 | D:1      | Reached XP level 1. HP: 19/19 MP: 0/0
   333 | D:2      | Reached XP level 2. HP: 27/27 MP: 1/1
   505 | D:3      | Reached XP level 3. HP: 31/33 MP: 2/2
   562 | D:4      | Noticed a slave
   562 | D:4      | Noticed a slave
   562 | D:4      | Noticed a slave
   565 | D:4      | Noticed a slave
   572 | D:4      | Killed a slave
   574 | D:4      | Noticed Pikel
   592 | D:4      | Gained mutation: You are dopey. (Int -2) [potion of mutation]
   592 | D:4      | Gained mutation: You are agile. (Dex +2) [potion of mutation]
   592 | D:4      | Slain by Pikel

Vault maps used:
D:1:      dpeg_arrival_three_same_balls
D:2:      first_ration
D:3:      nicolae_overflow_crystal_walls, uniq_sigmund
D:4:      chequers_temple_overflow_minitemple, uniq_natasha, uniq_pikel

Skill      XL: |  1  2 |
---------------+-------+-----
Armour         | 4 |  4.1
Shields        | 4 |  4.1
Fighting       | 4 |  4.0
Maces & Flails | |  2.8

Action                   || total
-------------------------++-------
Melee: Flail             ||    85
       Headbutt          ||     9
  Use: Potion            ||     3
Armor: Chain mail        ||    52
Dodge: Dodged            ||    18
Block: Shield            ||    36

Table legend:
 A = Spawn XP
 B = Non-spawn XP
 C = Spawn XP percentage of total XP
 D = Spawn monster count
 E = Non-spawn monster count
 F = Spawn count percentage of total count
 G = Total turns spent on level
                    A         B        C        D         E        F      G
               +---------+---------+-------+---------+---------+-------+---------
         Total |       0 |      47 |   0.0 |       0 |      19 |   0.0 |   592
               +---------+---------+-------+---------+---------+-------+---------
           D:1 |       0 |       3 |   0.0 |       0 |       2 |   0.0 |   234
           D:2 |       0 |      20 |   0.0 |       0 |      12 |   0.0 |   249
           D:3 |       0 |      24 |   0.0 |       0 |       5 |   0.0 |    71
               +---------+---------+-------+---------+---------+-------+---------
